 Dungeon Sprint DCSS version 0.29-a0-409-gd843f3a48c (webtiles) character file.

Game seed: 5887305664837400740

1 mhtbhm the Skirmisher (level 1, -3/14 HPs)
             Began as a Gargoyle Berserker on May 14, 2022.
             Was a Follower of Trog.
             Slain by an ufetubus (4 damage)
             ... in the Dungeon (Sprint VII: "The Pits").
             The game lasted 00:00:13 (60 turns).

mhtbhm the Skirmisher (Gargoyle Berserker)            Turns: 60, Time: 00:00:15

Health: -3/14      AC:  4    Str: 20    XL:     1   Next: 20%
Magic:  1/1        EV: 11    Int:  7    God:    Trog [*.....]
Gold:   0          SH:  0    Dex:  9    Spells: 0/0 levels left

rFire   . . .      SeeInvis .   a - +2 hand axe
rCold   . . .      Faith    .   (no shield)
rNeg    + . .      Spirit   .   b - +0 animal skin
rPois   ∞          Reflect  .   (no helmet)
rElec   +          Harm     .   (no cloak)
rCorr   .          Rampage  .   (no gloves)
Will    .....      NoTele   +   (no boots)
Stlth   +.........              (no amulet)
HPRegen 0.04/turn               (no ring)
MPRegen 0.07/turn               (no ring)

@: no status effects
A: sickness immunity, AC +2, negative energy resistance 1, electricity
resistance, torment resistance 1, petrification resistance
a: Renounce Religion, Berserk


You were in the Dungeon.
You worshipped Trog.
Trog was aware of your devotion.
You visited 1 branch

Inventory:

Hand Weapons
 a - a +2 hand axe (weapon)
Armour
 b - a +0 animal skin (worn)
Scrolls
 h - a scroll of blinking
 j - a scroll of summoning
Potions
 c - a potion of curing
 d - a potion of heal wounds
 e - a potion of haste
 f - 4 potions of magic
 g - 3 potions of berserk rage
 i - 2 potions of invisibility


   Skills:
 + Level 3.6 Fighting
 + Level 3.0 Axes
 + Level 2.2 Armour
 + Level 1.6 Dodging


You couldn't memorise any spells.
You didn't know any spells.
Your spell library was empty.

Dungeon Overview and Level Annotations

Branches:
Dungeon (1/1)

Altars:


Innate Abilities, Weirdness & Mutations

You are immune to sickness and miasma.
Your stone body is resilient. (AC +2)
You are immune to poison.
You resist negative energy. (rN+)
You are resistant to electric shocks. (rElec)
You are resistant to unholy torment.
You are immune to petrification.


Message History

You open the door.
No target in view!
An ufetubus and a rat come into view.
The ufetubus shouts!
There is an open door here.
You hit the ufetubus.
The ufetubus is heavily wounded.
The ufetubus hits you but does no damage.
The ufetubus hits you. x2; The ufetubus closely misses you.
You closely miss the ufetubus.
The ufetubus is heavily wounded.
The ufetubus hits you but does no damage. x2
The ufetubus hits you.
The ufetubus hits you but does no damage.
You are too injured to fight recklessly!
You are too injured to fight recklessly!
You are too injured to fight recklessly!
You are too injured to fight recklessly!
You are too injured to fight recklessly!
You are too injured to fight recklessly!
You are too injured to fight recklessly!
You are too injured to fight recklessly!
You are too injured to fight recklessly!
You are too injured to fight recklessly!
You hit the ufetubus but do no damage.
The ufetubus is moderately wounded.
The ufetubus barely misses you. x2
The ufetubus hits you but does no damage.
The ufetubus barely misses you.
You barely miss the ufetubus.
The ufetubus is moderately wounded.
The ufetubus barely misses you. x2
You miss the ufetubus.
The ufetubus is moderately wounded.
The ufetubus hits you.
* * * LOW HITPOINT WARNING * * *
The ufetubus completely misses you. The ufetubus hits you.
* * * LOW HITPOINT WARNING * * *
The ufetubus hits you.
You die...

##########++
##########+##...........
#.?()')))'.##......#..#.
##########.##...........
#......@...†'...........
#+#####5#####......#..#.
#....r# #...........
#.....# ####'#####++
###+### #.......#
#.......# #.......#
#...<...# #.......#


You could see an ufetubus and a rat.

Vanquished Creatures
  A hobgoblin (D)
1 creature vanquished.

Notes
Turn   | Place    | Note
-------+----------+-------------------------------------------
     0 | D        | mhtbhm the Gargoyle Berserker began the quest for the Orb.
     0 | D        | Reached XP level 1. HP: 14/14 MP: 1/1
    60 | D        | Slain by an ufetubus

Illustrated notes

Levels and vault maps discovered:
D:        pitsprint [storerooms_1, entrance_room_1, metal_vault_6, armoury_2,
          mini_pit_1, grid_room_1, main_hall_1, silver_pit, the_coven_3,
          the_vestibule_1, steel_vault_5, golden_pit, hallway_of_sentries,
          crystal_vault_1, iron_vault_2, final_vault]

Skill      XL: |  1 |
---------------+----+-----
Axes           | 3 |  3.0
Fighting       | |  3.6
Armour         | |  2.2
Dodging        | |  1.6

Action                   || total
-------------------------++-------
Melee: Hand axe          ||     7
Armor: Animal skin       ||     5
Dodge: Dodged            ||     7

Table legend: (Time is in decaauts)
 A = Elapsed time spent in this place.
 B = Non-inter-level travel time spent in this place.
 C = Inter-level travel time spent in this place.
 D = Time resting spent in this place.
 E = Time spent auto-exploring this place.
 F = Levels seen in this place.
 G = Mean time per level.
                   A        B        C        D        E       F      G
               +--------+--------+--------+--------+--------+-----+--------+
         Total |     60 |     60 |      0 |      0 |      0 |   1 |   60.0 |
       Dungeon |     60 |     60 |      0 |      0 |      0 |   1 |   60.0 |
               +--------+--------+--------+--------+--------+-----+--------+

Top non-repeatable levels by time:
       D: 60 daAuts
